[Event "Titled Tuesday Blitz November 01 Early 2022"]
[White "Tleptsok, Ruslan"]
[Black "Timofeev, Artyom"]
[WhiteFideId "24104485"]
[BlackFideId "4140419"]
[WhiteElo "2599"]
[BlackElo "2850"]
[Result "1/2-1/2"]
[Round "06"]
[TimeControl "180+1"]
[Date "2022.11.02"]
[WhiteClock "0:00:39"]
[BlackClock "0:00:32"]

1. e4 c6 2. Nf3 d5 3. Nc3 dxe4 4. Nxe4 Bf5 5. Ng3 Bg6 6. Bc4 e6 7. d3 Nf6 8. Bg5 Nbd7 9. Qe2 Qa5+ 10. Bd2 Qb6 11. O-O-O O-O-O 12. Kb1 Bc5 13. Rhf1 Kb8 14. Nh4 Bb4 15. c3 Bd6 16. Nxg6 hxg6 17. Ne4 Nxe4 18. dxe4 Qc7 19. h3 Bf4 20. Be3 Bxe3 21. Qxe3 Nf6 22. f4 Qb6 23. Rd4 Rxd4 24. cxd4 Rd8 25. Rd1 a5 26. a3 Ka7 27. Ka2 Ne8 28. Qc3 Nd6 29. Qc2 Qc7 30. Bd3 Qb6 31. Bc4 Kb8 32. g3 Rc8 33. Bd3 c5 34. d5 c4 35. Be2 exd5 36. Rxd5 c3 37. Bd3 cxb2 38. Qxb2 Qc6 39. Qe5 Rd8 40. Bb5 Qc7 41. Ba4 f6 42. Qd4 Nf7 43. Bb3 Rxd5 44. Bxd5 Nd6 45. e5 Nb5 46. Qd3 Nc3+ 47. Kb3 a4+ 48. Kb2 Nxd5 49. Qxd5 Qb6+ 50. Kc3 Qe3+ 51. Kb4 Qxg3 52. Qd8+ Ka7 53. Qd4+ Kb8 54. Qd8+ Ka7 55. Qa5+ Kb8 56. Qd8+ 1/2-1/2


[Site "https://www.chess.com"]

[Event "Titled Tuesday Blitz November 01 Early 2022"]
[White "Toelly, Michael"]
[Black "Brueckner, Thomas"]
[WhiteFideId "1625330"]
[BlackFideId "4600452"]
[WhiteElo "2090"]
[BlackElo "2332"]
[Result "1-0"]
[Round "06"]
[TimeControl "180+1"]
[Date "2022.11.02"]
[WhiteClock "0:00:03"]
[BlackClock "0:00:01"]

1. e4 e5 2. Nf3 Nc6 3. Bc4 Nf6 4. Ng5 d5 5. exd5 Na5 6. Bb5+ c6 7. dxc6 bxc6 8. Qf3 cxb5 9. Qxa8 Be7 10. Qxa7 h6 11. Nf3 Nc6 12. Qa8 Qd7 13. a4 b4 14. d4 e4 15. Ne5 Nxe5 16. dxe5 Nd5 17. Nd2 O-O 18. Nxe4 Bb7 19. Qa7 Qc6 20. f3 Ra8 21. Qf2 Ba6 22. Qd4 f5 23. exf6 Nxf6 24. Be3 Qxc2 25. Nxf6+ Bxf6 26. Qd2 Qc6 27. Rc1 Qe6 28. Kf2 Rd8 29. Qxb4 Rd3 30. Rhe1 Rb3 31. Qe4 Rxb2+ 32. Kg3 Qd6+ 33. Bf4 Qd7 34. Qe8+ Qxe8 35. Rxe8+ Kf7 36. Re4 Bd3 37. Rc7+ Kf8 38. Re3 1-0


[Site "https://www.chess.com"]

[Event "Titled Tuesday Blitz November 01 Early 2022"]
[White "Turutin, Alexander"]
[Black "Harsh Suresh"]
[WhiteFideId "4180623"]
[BlackFideId "45018464"]
[WhiteElo "2569"]
[BlackElo "2777"]
[Result "0-1"]
[Round "06"]
[TimeControl "180+1"]
[Date "2022.11.02"]
[WhiteClock "0:00:02"]
[BlackClock "0:00:16"]

1. e4 c6 2. d4 d5 3. e5 Bf5 4. Nf3 e6 5. Be2 c5 6. Be3 Qb6 7. Nc3 c4 8. b3 Bb4 9. Bd2 Qa5 10. Na4 b5 11. Nc5 Nc6 12. Nb7 Bxd2+ 13. Nxd2 Qb4 14. Nd6+ Kd7 15. a3 Qc3 16. Nxb5 Qxc2 17. Qxc2 Bxc2 18. bxc4 a6 19. Nd6 Nh6 20. cxd5 Nxd4 21. dxe6+ Kxe6 22. f4 Rab8 23. Bc4+ Ke7 24. O-O a5 25. Nf3 Ndf5 26. Rfc1 Ba4 27. Nxf5+ Nxf5 28. Bd3 Nh6 29. Rc7+ Bd7 30. Nd4 Rhc8 31. Rac1 Rxc7 32. Rxc7 Rb2 33. Ra7 Rd2 34. Nc6+ Ke6 35. Bc4+ Kf5 36. Ne7+ Kg4 37. Nd5 Be6 38. Ne3+ Kxf4 39. Bxe6 Kxe3 40. Rd7 fxe6 0-1


[Site "https://www.chess.com"]

[Event "Titled Tuesday Blitz November 01 Early 2022"]
[White "Vachylia, Andrii"]
[Black "Oparin, Grigoriy"]
[WhiteFideId "14137224"]
[BlackFideId "24125890"]
[WhiteElo "2318"]
[BlackElo "2639"]
[Result "1-0"]
[Round "06"]
[TimeControl "180+1"]
[Date "2022.11.01"]
[WhiteClock "0:00:21"]
[BlackClock "0:00:03"]

1. e4 c5 2. Nf3 d6 3. d4 cxd4 4. Nxd4 Nf6 5. Nc3 Nc6 6. Bg5 e6 7. Qd2 a6 8. O-O-O Bd7 9. f4 Be7 10. Bxf6 Bxf6 11. Nf3 Qc7 12. Kb1 O-O-O 13. Bd3 Kb8 14. a3 Bc8 15. Rhe1 b5 16. Na2 Bb7 17. Nb4 Nxb4 18. axb4 Rd7 19. c3 Rhd8 20. Qe2 e5 21. f5 d5 22. exd5 Rxd5 23. Bc2 Rxd1+ 24. Rxd1 Rxd1+ 25. Qxd1 e4 26. Nd4 e3 27. g3 Qe5 28. Ne2 Bf3 29. Qd3 h5 30. Nd4 Bd5 31. b3 h4 32. gxh4 Bxh4 33. Kb2 Bf6 34. Ka3 Bb7 35. Kb2 Kc7 36. Ka3 Qf4 37. Ne2 Qf3 38. Kb2 Qf2 39. h3 Bc6 40. Bd1 Bf3 41. Kc1 Bb7 42. Kb2 Qf3 43. Kc1 Qxh3 44. c4 Bc6 45. c5 Be5 46. Nd4 Qh6 47. Be2 Bb7 48. Kc2 Qf4 49. c6 Bxc6 50. Nxc6 Kxc6 51. Qd8 Qxf5+ 52. Kc1 Bf6 53. Bf3+ Qxf3 54. Qa8+ Kd6 55. Qxf3 Bd4 56. Kc2 Ke5 57. Kd3 Bb6 58. Qc6 Bd4 59. Qe4+ 1-0


[Site "https://www.chess.com"]

[Event "Titled Tuesday Blitz November 01 Early 2022"]
[White "Vargas, Mauricio"]
[Black "Alexikov, Alexander"]
[WhiteFideId "4404572"]
[BlackFideId "14103958"]
[WhiteElo "2025"]
[BlackElo "2222"]
[Result "0-1"]
[Round "06"]
[TimeControl "180+1"]
[Date "2022.11.02"]
[WhiteClock "0:00:01"]
[BlackClock "0:00:11"]

1. e4 c5 2. Nc3 d6 3. f4 g6 4. Nf3 Bg7 5. Bb5+ Bd7 6. Bxd7+ Nxd7 7. d3 e6 8. O-O Ne7 9. Qe1 O-O 10. Qh4 a6 11. f5 exf5 12. Bh6 f6 13. Rae1 fxe4 14. Nxe4 Nf5 15. Qh3 Nxh6 16. Qe6+ Kh8 17. Nxd6 b5 18. g4 Rb8 19. h4 Rb6 20. g5 Rxd6 21. Qxd6 Nf7 22. Qe6 fxg5 23. Nxg5 Nxg5 24. hxg5 Qxg5+ 25. Kh1 Qh4+ 26. Kg2 Qg5+ 27. Kh1 Nf6 28. Qd6 h5 29. Re7 Qh4+ 30. Kg2 Qg4+ 31. Kh1 Qh3+ 32. Kg1 Qg4+ 33. Kh1 Qh4+ 34. Kg2 Rg8 35. Rxf6 Bxf6 36. Qd7 Qg4+ 37. Qxg4 hxg4 38. Kg3 Bxe7 39. Kxg4 Bf6 40. Kf4 Kg7 41. Ke4 Rd8 42. Kf4 g5+ 0-1


[Site "https://www.chess.com"]

[Event "Titled Tuesday Blitz November 01 Early 2022"]
[White "Viana Da Costa, Fernando"]
[Black "Ljukin, Sergei"]
[WhiteFideId "2111900"]
[BlackFideId "14102200"]
[WhiteElo "2277"]
[BlackElo "2312"]
[Result "0-1"]
[Round "06"]
[TimeControl "180+1"]
[Date "2022.11.02"]
[WhiteClock "0:00:38"]
[BlackClock "0:00:15"]

1. e4 e6 2. d4 d5 3. e5 c5 4. Nf3 cxd4 5. Bd3 Nc6 6. O-O f6 7. Bf4 g5 8. Bd2 g4 9. Nxd4 Nxe5 10. Bb5+ Kf7 11. Nc3 Bc5 12. Nb3 Bd6 13. Re1 Ne7 14. Bf4 h5 15. Nd4 Nf3+ 16. Nxf3 Bxf4 17. Nd4 Qc7 18. g3 Be5 19. f4 Bxd4+ 20. Qxd4 Qb6 21. Qxb6 axb6 22. Bd3 Bd7 23. Rad1 h4 24. a3 hxg3 25. hxg3 Rh3 26. Kg2 Bc6 27. Kf2 d4 28. Ne4 Rh2+ 29. Kg1 Rah8 30. Rf1 f5 31. Ng5+ Kf6 0-1


[Site "https://www.chess.com"]

[Event "Titled Tuesday Blitz November 01 Early 2022"]
[White "Villamayor, Buenaventura"]
[Black "Vakhania, Alexandra"]
[WhiteFideId "5200393"]
[BlackFideId "13602560"]
[WhiteElo "2301"]
[BlackElo "2053"]
[Result "1-0"]
[Round "06"]
[TimeControl "180+1"]
[Date "2022.11.02"]
[WhiteClock "0:00:41"]
[BlackClock "0:00:41"]

1. e4 c6 2. d4 d5 3. Nc3 g6 4. e5 h5 5. f4 Nh6 6. Nf3 Bg4 7. Be3 Nf5 8. Bf2 e6 9. g3 Be7 10. h3 Bxf3 11. Qxf3 Qa5 12. g4 Ng7 13. Bd3 c5 14. f5 cxd4 15. Bxd4 Nc6 16. fxg6 fxg6 17. O-O-O O-O-O 18. Bxg6 Rdf8 19. Qd3 Nxd4 20. Qxd4 Bc5 21. Qd3 hxg4 22. hxg4 Qb4 23. Rxh8 Rxh8 24. Qe2 Qf4+ 25. Kb1 Rh2 26. Qb5 Bb6 27. Be8 Qxe5 28. Qd7+ Kb8 29. Nb5 a6 30. Nd6 Nxe8 31. Qxb7# 1-0


[Site "https://www.chess.com"]

[Event "Titled Tuesday Blitz November 01 Early 2022"]
[White "Volkov, Maksim"]
[Black "Samarth, J Rao"]
[WhiteFideId "54123070"]
[BlackFideId "46652370"]
[WhiteElo "2257"]
[BlackElo "1564"]
[Result "1-0"]
[Round "06"]
[TimeControl "180+1"]
[Date "2022.11.02"]
[WhiteClock "0:02:53"]
[BlackClock "0:01:41"]

1. d4 d5 2. c4 e6 3. Nf3 Nf6 4. g3 Be7 5. Bg2 O-O 6. O-O dxc4 7. Na3 Bxa3 8. bxa3 Bd7 9. a4 Bc6 10. Ba3 Re8 11. Qc2 Nbd7 12. Rac1 1-0


[Site "https://www.chess.com"]

[Event "Titled Tuesday Blitz November 01 Early 2022"]
[White "Vrbljanac, Aleksandar"]
[Black "Zhigalko, Sergei"]
[WhiteFideId "932817"]
[BlackFideId "13502956"]
[WhiteElo "2309"]
[BlackElo "2662"]
[Result "0-1"]
[Round "06"]
[TimeControl "180+1"]
[Date "2022.11.01"]
[WhiteClock "0:00:22"]
[BlackClock "0:01:08"]

1. e4 c5 2. Nf3 Nc6 3. Bb5 Nf6 4. Bxc6 dxc6 5. d3 Bg4 6. h3 Bh5 7. O-O Qc7 8. Nc3 Nd7 9. Be3 e6 10. a4 Be7 11. Ne2 Bd6 12. Nd2 f5 13. f3 O-O 14. exf5 exf5 15. Nc4 Bh2+ 16. Kh1 b5 17. axb5 cxb5 18. Na5 Bd6 19. Qd2 Rae8 20. Rfe1 Ne5 21. Nf4 Bxf3 22. gxf3 Nxf3 23. Qf2 Nxe1 24. Rxe1 Bxf4 25. Bxf4 Rxe1+ 26. Qxe1 Qxf4 0-1


[Site "https://www.chess.com"]

[Event "Titled Tuesday Blitz November 01 Early 2022"]
[White "Warchol, Kamil"]
[Black "Khamdamova, Afruza"]
[WhiteFideId "21858241"]
[BlackFideId "14210444"]
[WhiteElo "2001"]
[BlackElo "2018"]
[Result "0-1"]
[Round "06"]
[TimeControl "180+1"]
[Date "2022.11.02"]
[WhiteClock "0:00:02"]
[BlackClock "0:00:14"]

1. e4 e5 2. Nf3 Nf6 3. Nxe5 d6 4. Nf3 Nxe4 5. d4 d5 6. Bd3 Be7 7. O-O Nc6 8. c3 O-O 9. Nfd2 Bf5 10. Qf3 Nxd2 11. Qxf5 g6 12. Qh3 Nxf1 13. Kxf1 Bg5 14. Nd2 Qf6 15. Qg3 Bf4 16. Qf3 Kg7 17. g3 Bxd2 18. Qxf6+ Kxf6 19. Bxd2 Rae8 20. Bf4 Re7 21. h4 Kg7 22. b4 a6 23. a4 f6 24. b5 axb5 25. axb5 Nd8 26. Ra7 h6 27. b6 cxb6 28. Bd6 Rfe8 29. Bxe7 Rxe7 30. Bb5 Kf7 31. c4 dxc4 32. Bxc4+ Ke8 33. d5 g5 34. Bb5+ Kf7 35. d6 Re5 36. Bc4+ Ke8 37. Ra8 Rc5 0-1


[Site "https://www.chess.com"]

[Event "Titled Tuesday Blitz November 01 Early 2022"]
[White "Weetik, Vjacheslav"]
[Black "Arabidze, Meri"]
[WhiteFideId "4153472"]
[BlackFideId "13604040"]
[WhiteElo "2713"]
[BlackElo "2616"]
[Result "0-1"]
[Round "06"]
[TimeControl "180+1"]
[Date "2022.11.02"]
[WhiteClock "0:00:05"]
[BlackClock "0:00:12"]

1. d4 f5 2. g3 Nf6 3. Bg2 e6 4. c4 c6 5. Qc2 d5 6. Nh3 Bd6 7. O-O O-O 8. Bf4 Be7 9. Nd2 b6 10. Rac1 Ne4 11. cxd5 cxd5 12. Bc7 Qd7 13. Nf4 Nxd2 14. Qxd2 Nc6 15. Be5 Nxe5 16. dxe5 Bg5 17. Rc2 Ba6 18. Rfc1 Bxf4 19. gxf4 Rac8 20. Bf3 Rxc2 21. Rxc2 Rc8 22. Qc1 h6 23. h4 g6 24. Kh2 Kg7 25. Kg3 Rc4 26. b3 Rc8 27. e3 Qd8 28. Rxc8 Qxc8 29. Qa3 Kf7 30. h5 g5 31. fxg5 hxg5 32. Qd6 Bd3 33. Bxd5 f4+ 34. exf4 gxf4+ 35. Kxf4 Qc1+ 36. Kg3 Qg5+ 37. Kf3 Qxh5+ 38. Ke3 Qe2+ 39. Kd4 exd5 40. Qf6+ Ke8 41. e6 Qb2+ 42. Kxd5 Qxf6 0-1


[Site "https://www.chess.com"]

[Event "Titled Tuesday Blitz November 01 Early 2022"]
[White "Wieczorek, Oskar"]
[Black "Rustemov, Alexander"]
[WhiteFideId "1133950"]
[BlackFideId "4119002"]
[WhiteElo "2404"]
[BlackElo "2941"]
[Result "1-0"]
[Round "06"]
[TimeControl "180+1"]
[Date "2022.11.01"]
[WhiteClock "0:00:23"]
[BlackClock "0:00:07"]

1. e4 e6 2. d4 d5 3. Nd2 dxe4 4. Nxe4 Bd7 5. Nf3 Bc6 6. Bd3 Nd7 7. O-O Ngf6 8. Ng3 Be7 9. c3 O-O 10. a4 b6 11. a5 Bb7 12. a6 Bc6 13. Qe2 Rc8 14. Ne5 Ba8 15. Rd1 c5 16. dxc5 Rxc5 17. Nxd7 Nxd7 18. Bxh7+ Kxh7 19. Qd3+ Kg8 20. Qxd7 Rc7 21. Qxd8 Rxd8 22. Rxd8+ Bxd8 23. Be3 Bd5 24. Ne2 f6 25. Nd4 Bc4 26. b3 e5 27. bxc4 exd4 28. Bxd4 Rxc4 29. f4 Kf7 30. Kf2 Ke6 31. Ke3 g6 32. Kd3 Kd5 33. Re1 Ra4 34. Re8 Bc7 35. Re7 Kc6 36. Re6+ Kb5 37. Rxf6 Rxa6 38. f5 gxf5 39. Rxf5+ Kc6 40. h4 Ra1 41. h5 Rh1 42. g4 a5 43. Rf6+ Kb5 44. h6 a4 45. Rf7 Bd6 46. h7 Rh3+ 47. Ke4 Kc4 48. h8=Q Rxh8 49. Bxh8 a3 50. Ra7 b5 51. g5 Bg3 52. g6 Be1 53. g7 Bxc3 54. g8=Q+ Kb4 55. Bxc3+ Kxc3 56. Rxa3+ Kb4 57. Rd3 Ka4 58. Qb8 Ka5 59. Rd5 Kb4 60. Qxb5+ Kc3 61. Rd3+ Kc2 62. Rc3+ Kd2 63. Qd3+ Ke1 64. Rc1+ Kf2 65. Rc2+ Ke1 66. Qb3 Kf1 67. Qb2 Kg1 68. Kd4 Kh1 69. Kc4 Kg1 70. Kb4 Kh1 71. Kb5 Kg1 72. Kb6 Kf1 73. Kb7 Kg1 74. Kb8 Kh1 75. Ka8 Kg1 76. Ka7 Kf1 77. Ka6 Ke1 78. Ka5 Kf1 79. Ka4 Kg1 80. Ka3 Kh1 81. Ka2 Kg1 82. Kb1 Kf1 83. Qa1 Kg1 84. Kb2# 1-0


[Site "https://www.chess.com"]

[Event "Titled Tuesday Blitz November 01 Early 2022"]
[White "Winkels, Marcel"]
[Black "Kosakowski, Jakub"]
[WhiteFideId "1003887"]
[BlackFideId "1185080"]
[WhiteElo "1900"]
[BlackElo "2463"]
[Result "0-1"]
[Round "06"]
[TimeControl "180+1"]
[Date "2022.11.02"]
[WhiteClock "0:00:10"]
[BlackClock "0:00:07"]

1. e4 e6 2. d4 d5 3. Nc3 Bb4 4. e5 c5 5. a3 Bxc3+ 6. bxc3 Ne7 7. h4 Qc7 8. Bd2 b6 9. h5 h6 10. Nf3 Ba6 11. Bd3 Bxd3 12. cxd3 Nbc6 13. O-O Rc8 14. dxc5 bxc5 15. d4 O-O 16. Re1 cxd4 17. cxd4 Nf5 18. Rc1 Qb6 19. Be3 Nxe3 20. fxe3 Na5 21. Qd3 Nc4 22. Nd2 Nxd2 23. Qxd2 Qb3 24. Qb4 Rxc1 25. Qxb3 Rxe1+ 26. Kf2 Rc1 27. Qb7 a5 28. Qb6 a4 29. Qb4 Rc4 30. Qd6 Rfc8 31. Kf3 Rc3 32. g4 Rb3 33. Qe7 Rd3 34. g5 hxg5 35. Qxg5 Rcc3 36. h6 Rxe3+ 37. Kf2 Rf3+ 38. Ke2 Rg3 39. Qd8+ Kh7 40. hxg7 Kxg7 41. Qf6+ Kg8 42. Qd8+ Kh7 43. Qf8 Rce3+ 44. Kf2 Ref3+ 45. Ke2 Rf4 46. Qe7 Rg6 47. Qc5 Re4+ 48. Kf3 Kg7 49. Qb4 Rgg4 50. Qxa4 Rgf4+ 51. Kg3 Rxd4 52. Qe8 Rf5 53. a4 Rxe5 54. a5 Re3+ 55. Kf2 Ra3 56. Qd8 Rd2+ 57. Ke1 Rg2 58. Kf1 Rg4 59. Qb6 Rga4 60. Qc7 Rxa5 61. Qe5+ Kg6 62. Qd4 Ra1+ 63. Ke2 R5a2+ 64. Kf3 Rf1+ 65. Kg3 Ra3+ 66. Kg2 Rf5 67. Qb4 Rg5+ 68. Kf2 Rag3 69. Qb2 Rg2+ 0-1


[Site "https://www.chess.com"]

[Event "Titled Tuesday Blitz November 01 Early 2022"]
[White "Yeritsyan, Hayk"]
[Black "Melikhov, Evgeny V."]
[WhiteFideId "13307320"]
[BlackFideId "4122046"]
[WhiteElo "2397"]
[BlackElo "2169"]
[Result "0-1"]
[Round "06"]
[TimeControl "180+1"]
[Date "2022.11.02"]
[WhiteClock "0:00:04"]
[BlackClock "0:00:06"]

1. d4 Nf6 2. Nf3 d5 3. e3 c5 4. Bd3 Nc6 5. c3 e6 6. Nbd2 Bd6 7. Qe2 O-O 8. O-O e5 9. dxc5 Bxc5 10. e4 Bg4 11. h3 Bxf3 12. Qxf3 d4 13. Nb3 Bb6 14. cxd4 Nxd4 15. Nxd4 Bxd4 16. Bg5 h6 17. Bxf6 Qxf6 18. Qxf6 gxf6 19. Rac1 Rfc8 20. b3 a6 21. Bc4 Rc7 22. Bd5 Rac8 23. Rxc7 Rxc7 24. a4 b6 25. Bc4 a5 26. Rd1 Kf8 27. Kf1 Ke7 28. Ke2 Rc8 29. Kf3 Rg8 30. g3 h5 31. h4 Rc8 32. Rc1 Bb2 33. Rc2 Bd4 34. Ke2 Kf8 35. Rd2 Kg7 36. Rd3 Kg6 37. Rf3 Rc7 38. Kf1 Rc8 39. Rf5 Rc7 40. Ke2 Rc8 41. Kd2 Rc7 42. Be2 Rc3 43. Bxh5+ Kg7 44. Bd1 Rc6 45. Be2 Bc3+ 46. Kc2 Bd4+ 47. Bc4 Kg6 48. Kd3 Kg7 49. Ke2 Kg6 50. f4 Kg7 51. Kf3 b5 52. axb5 Rc7 53. Bd3 Rc3 54. Ke2 Rxb3 55. Bc4 Re3+ 56. Kd2 Rxe4 57. fxe5 Bxe5 58. Bd3 Rd4 59. h5 a4 60. Kc2 a3 61. Rf1 Rg4 62. Rf3 a2 63. Rf1 a1=Q 64. Rxa1 Bxa1 65. b6 Rb4 66. Bf5 Rxb6 67. h6+ Kxh6 0-1


[Site "https://www.chess.com"]

[Event "Titled Tuesday Blitz November 01 Early 2022"]
[White "Yuan, Qingyu"]
[Black "Ibarra Jerez, Jose Carlos"]
[WhiteFideId "8609772"]
[BlackFideId "2226332"]
[WhiteElo "2359"]
[BlackElo "2627"]
[Result "1/2-1/2"]
[Round "06"]
[TimeControl "180+1"]
[Date "2022.11.01"]
[WhiteClock "0:00:11"]
[BlackClock "0:00:12"]

1. e4 c5 2. Nf3 Nc6 3. Bc4 a6 4. d4 cxd4 5. Nxd4 Nf6 6. Nc3 Qc7 7. a4 e6 8. Nxc6 bxc6 9. Qe2 d5 10. exd5 cxd5 11. Bxd5 Rb8 12. O-O Bd6 13. g3 Nxd5 14. Nxd5 Qc6 15. Bf4 Bxf4 16. Nxf4 Rxb2 17. Rab1 Rxc2 18. Qxc2 Qxc2 19. Rfc1 Qxc1+ 20. Rxc1 Bd7 21. Rc7 Ke7 22. Ra7 Rc8 23. Rxa6 Rc1+ 24. Kg2 Bc6+ 25. Kh3 g5 26. Nd3 Rc3 27. Ne5 Bd5 28. Kg4 Kf6 29. f4 gxf4 30. gxf4 Rc2 31. Ra7 Rg2+ 32. Kh3 Rg7 33. a5 Bg2+ 34. Kh4 Kf5 35. a6 Kxf4 36. Rxf7+ Rxf7 37. Nxf7 e5 38. a7 Ba8 39. Nd6 e4 40. Nc4 e3 41. Nxe3 Kxe3 42. Kg5 Kd4 43. Kh6 Be4 44. h4 Kc5 45. h5 Kb6 46. a8=Q Bxa8 47. Kxh7 Be4+ 48. Kg7 Kc5 49. h6 Kd4 50. Kf6 Bd3 51. Ke6 Bh7 52. Kf6 Kd5 53. Kg7 Ke6 54. Kxh7 Kf7 55. Kh8 Kf8 56. Kh7 Kf7 57. Kh8 Kf8 58. h7 Kf7 1/2-1/2


[Site "https://www.chess.com"]

[Event "Titled Tuesday Blitz November 01 Early 2022"]
[White "Yurovskykh, Oleksandr"]
[Black "Koridze, Lile"]
[WhiteFideId "14134020"]
[BlackFideId "13612514"]
[WhiteElo "2303"]
[BlackElo "2050"]
[Result "0-1"]
[Round "06"]
[TimeControl "180+1"]
[Date "2022.11.02"]
[WhiteClock "0:00:04"]
[BlackClock "0:00:16"]

1. d4 Nf6 2. Nf3 d5 3. Bf4 Bf5 4. e3 e6 5. c4 c6 6. Nc3 Bd6 7. Qb3 b6 8. Bg3 O-O 9. Be2 Na6 10. cxd5 Nb4 11. Rc1 cxd5 12. Bxd6 Qxd6 13. Ne5 a5 14. a3 Na6 15. O-O Nc7 16. Na4 b5 17. Nc5 Rab8 18. Qc3 b4 19. axb4 axb4 20. Qb3 Rfc8 21. Ra1 Ne4 22. Nxe4 Bxe4 23. Rfc1 Ne8 24. f3 Bf5 25. Rxc8 Rxc8 26. Ra6 Qe7 27. Rc6 Rb8 28. Qa4 f6 29. Nd3 e5 30. dxe5 Bd7 31. Qa6 Bxc6 32. Qxc6 fxe5 33. Qxd5+ Qf7 34. Qxf7+ Kxf7 35. Nxe5+ Ke6 36. f4 Nf6 37. Bc4+ Kd6 38. Kf2 Ne4+ 39. Ke2 Nc5 40. Nd3 Nxd3 41. Kxd3 Kc5 42. b3 Rd8+ 43. Ke2 g6 44. g4 Rf8 45. Kf3 Re8 46. h4 Kd6 47. g5 Rf8 48. e4 Kc5 49. Kg4 Kd4 50. Bd5 Re8 51. f5 gxf5+ 52. Kxf5 Rf8+ 53. Kg4 Re8 54. h5 Ke5 55. g6 hxg6 56. h6 Kf6 57. Kf4 g5+ 58. Kg4 Kg6 59. h7 Kh6 60. Bg8 Rxe4+ 61. Kf5 Rf4+ 62. Ke5 Kg7 63. Kd5 g4 64. Ke5 Rf8 65. Bd5 Kxh7 66. Kd4 Kh6 67. Bg2 Kh5 68. Kc5 Rf4 69. Kb5 Kh4 70. Bd5 Kh3 71. Bc6 g3 72. Kc5 g2 73. Bxg2+ Kxg2 74. Kb5 Kf3 0-1


[Site "https://www.chess.com"]

[Event "Titled Tuesday Blitz November 01 Early 2022"]
[White "Zacurdajev, Dmitry"]
[Black "Mitrovic, Darko R"]
[WhiteFideId "4196309"]
[BlackFideId "927023"]
[WhiteElo "2179"]
[BlackElo "2150"]
[Result "1-0"]
[Round "06"]
[TimeControl "180+1"]
[Date "2022.11.02"]
[WhiteClock "0:00:09"]
[BlackClock "0:00:01"]

1. d4 e6 2. c4 Nf6 3. Nc3 Bb4 4. Nf3 Bxc3+ 5. bxc3 d6 6. Bg5 Nbd7 7. e3 Qe7 8. Bd3 h6 9. Bxf6 Nxf6 10. O-O O-O 11. Rb1 e5 12. Nd2 b6 13. Qc2 Bb7 14. Rfe1 Rad8 15. Ne4 Nxe4 16. Bxe4 Bxe4 17. Qxe4 Qe6 18. Rb4 f5 19. Qb7 Qe7 20. Qd5+ Qf7 21. Qc6 a5 22. Rb2 Qd7 23. Qd5+ Qf7 24. Qc6 e4 25. Qb5 Rde8 26. g3 Qe7 27. Qd5+ Qf7 28. Qxf7+ Rxf7 29. Rb5 g6 30. Reb1 h5 31. c5 dxc5 32. dxc5 Rd7 33. cxb6 cxb6 34. Rxb6 Kg7 35. Ra6 Rc8 36. Rbb6 1-0


[Site "https://www.chess.com"]

[Event "Titled Tuesday Blitz November 01 Early 2022"]
[White "Zaksaite, Salomeja"]
[Black "Chan, Kim Yew"]
[WhiteFideId "12801496"]
[BlackFideId "5717981"]
[WhiteElo "2094"]
[BlackElo "2206"]
[Result "0-1"]
[Round "06"]
[TimeControl "180+1"]
[Date "2022.11.02"]
[WhiteClock "0:00:01"]
[BlackClock "0:00:07"]

1. e4 e5 2. Nf3 Nf6 3. Nxe5 d6 4. Nf3 Nxe4 5. Qe2 Qe7 6. d3 Nf6 7. Bg5 Qxe2+ 8. Bxe2 Be7 9. Nc3 Be6 10. Nd4 Nbd7 11. Ndb5 Bd8 12. O-O-O O-O 13. Bf3 a6 14. Bxb7 Rb8 15. Bxa6 Rb6 16. Bc8 Ng4 17. Be3 Nxe3 18. fxe3 Bg5 19. Bxd7 Bxe3+ 20. Kb1 Bxd7 21. Nxc7 Bd4 22. N7d5 Rb7 23. b3 Be6 24. Ne2 Be5 25. d4 Bxd5 26. dxe5 Bxg2 27. Rhg1 Bf3 28. Rd2 dxe5 29. c4 e4 30. Nd4 e3 31. Rb2 Be4+ 32. Kc1 f5 33. Re2 f4 0-1


[Site "https://www.chess.com"]

[Event "Titled Tuesday Blitz November 01 Early 2022"]
[White "Zemlyanskii, Ivan"]
[Black "Paravyan, David"]
[WhiteFideId "24249971"]
[BlackFideId "4194985"]
[WhiteElo "2107"]
[BlackElo "2555"]
[Result "0-1"]
[Round "06"]
[TimeControl "180+1"]
[Date "2022.11.01"]
[WhiteClock "0:00:01"]
[BlackClock "0:02:11"]

1. d4 Nf6 2. c4 g6 3. Nf3 Bg7 4. e3 O-O 5. Be2 c5 6. d5 d6 7. Nc3 e6 8. O-O exd5 9. cxd5 Bg4 10. h3 Bxf3 11. Bxf3 Nbd7 12. Qc2 c4 13. Be2 Rc8 14. e4 Nc5 15. Be3 Re8 16. Bf3 Nfd7 17. Nb5 Ne5 18. Be2 a6 19. Nc3 Ned3 20. Bf3 Qh4 21. Rad1 b5 22. a3 Re7 23. Bg4 Rce8 24. g3 Qf6 25. Bxc5 Nxc5 26. Rfe1 h5 27. Be2 Nxe4 28. Nxe4 Rxe4 29. Qd2 Qxb2 30. f3 Rxe2 31. Rxe2 Rxe2 32. Qg5 Rg2+ 0-1


[Site "https://www.chess.com"]

[Event "Titled Tuesday Blitz November 01 Early 2022"]
[White "Aaditya Dhingra"]
[Black "Volkov, Maksim"]
[WhiteFideId "25678191"]
[BlackFideId "54123070"]
[WhiteElo "2054"]
[BlackElo "2257"]
[Result "1-0"]
[Round "07"]
[TimeControl "180+1"]
[Date "2022.11.02"]
[WhiteClock "0:01:43"]
[BlackClock "0:00:57"]

1. e4 c5 2. Nf3 d6 3. Bb5+ Nd7 4. c3 a6 5. Ba4 b5 6. Bc2 Bb7 7. O-O Ngf6 8. Re1 e6 9. d4 cxd4 10. cxd4 Be7 11. Nbd2 O-O 12. Nf1 Rc8 13. Ng3 Nb6 14. b3 Qc7 15. Bd3 Rfe8 16. Bd2 Ba8 17. Ba5 Qa7 18. Qd2 Nbd7 19. a4 bxa4 20. Rxa4 e5 21. Bc3 Bb7 22. Rea1 exd4 23. Bxd4 Nc5 24. b4 Bc6 25. Rxa6 Qb7 26. bxc5 dxc5 27. Bc3 Nxe4 28. Nxe4 Bxe4 29. Ra7 Qd5 30. Bxe4 Qxe4 31. Re1 1-0


[Site "https://www.chess.com"]

[Event "Titled Tuesday Blitz November 01 Early 2022"]
[White "Aarav Dengla"]
[Black "Ardila, Oscar Humberto"]
[WhiteFideId "45059756"]
[BlackFideId "4404742"]
[WhiteElo "2257"]
[BlackElo "1898"]
[Result "1-0"]
[Round "07"]
[TimeControl "180+1"]
[Date "2022.11.02"]
[WhiteClock "0:00:09"]
[BlackClock "0:00:05"]

1. e4 e5 2. Nf3 Nf6 3. Nxe5 d6 4. Nf3 Nxe4 5. d4 Be7 6. Bd3 d5 7. O-O O-O 8. Re1 Nf6 9. h3 Nc6 10. c3 Bd7 11. b4 a6 12. a4 h6 13. Bf4 Re8 14. Ne5 Bf8 15. Nd2 Be6 16. Qf3 Nxe5 17. dxe5 Nd7 18. Qg3 Kh8 19. Nf3 c5 20. bxc5 Nxc5 21. Bc2 Rc8 22. Nd4 Qd7 23. Red1 Qc7 24. Rab1 Ne4 25. Bxe4 dxe4 26. Nxe6 Rxe6 27. c4 b6 28. Rd4 Bc5 29. Rxe4 Qc6 30. Qf3 Qxa4 31. Bg3 Qc2 32. Rf1 Rd8 33. Qxf7 Re7 34. Qf3 Rd3 35. Qf8+ Kh7 36. Bh4 Rdd7 37. Qf5+ g6 38. Qf3 Rf7 39. Qg4 Rf5 40. e6 Rc7 41. e7 h5 42. e8=Q hxg4 43. hxg4 Rff7 44. g5 Rg7 45. Bg3 Rce7 46. Rh4# 1-0


[Site "https://www.chess.com"]

[Event "Titled Tuesday Blitz November 01 Early 2022"]
[White "Agasarov, Benik"]
[Black "Madaminov, Mukhiddin"]
[WhiteFideId "13314823"]
[BlackFideId "14210703"]
[WhiteElo "2152"]
[BlackElo "2341"]
[Result "1-0"]
[Round "07"]
[TimeControl "180+1"]
[Date "2022.11.01"]
[WhiteClock "0:02:22"]
[BlackClock "0:01:18"]

1. d4 Nf6 2. c4 e6 3. Nc3 Bb4 4. Nf3 O-O 5. Bg5 d5 6. e3 h6 7. Bh4 c5 8. cxd5 exd5 9. dxc5 Be6 10. Be2 Nbd7 11. O-O Bxc5 12. Rc1 Rc8 13. Nd4 Qb6 14. Na4 Qb4 15. a3 Qa5 16. b4 1-0


[Site "https://www.chess.com"]

[Event "Titled Tuesday Blitz November 01 Early 2022"]
[White "Alexikov, Alexander"]
[Black "Rosh Jain"]
[WhiteFideId "14103958"]
[BlackFideId "25789465"]
[WhiteElo "2222"]
[BlackElo "2233"]
[Result "0-1"]
[Round "07"]
[TimeControl "180+1"]
[Date "2022.11.02"]
[WhiteClock "0:00:01"]
[BlackClock "0:00:21"]

1. e4 c5 2. Nf3 d6 3. d4 cxd4 4. Nxd4 Nf6 5. Nc3 a6 6. Be2 e5 7. Nb3 Be7 8. O-O O-O 9. a4 Be6 10. Be3 Nc6 11. Bf3 Rc8 12. Re1 Nb4 13. Re2 d5 14. exd5 Nbxd5 15. Nxd5 Nxd5 16. Bd2 Bf6 17. Rc1 Nf4 18. Re1 Nd5 19. g3 Qc7 20. Ba5 Qc4 21. Re4 Qc6 22. c4 Ne7 23. Rxe5 Qxa4 24. Re4 Bxc4 25. Nd2 Qxd1+ 26. Rxd1 Bd5 27. Re3 Bxf3 28. Nxf3 Nf5 29. Rb3 b5 30. Bb6 Rc2 31. Ra1 Ra8 32. Rxb5 Nd6 0-1


[Site "https://www.chess.com"]